 Dungeon Crawl Stone Soup version 0.22-a0-460-g49b1da7e92 (webtiles) character file.

182 Ireaine the Chopper (level 5, -1/50 HPs)
             Began as a Naga Berserker on June 9, 2018.
             Was a Believer of Trog.
             Slain by an orc
             ... wielding a +0 trident
              (2 damage)
             ... on level 3 of the Dungeon.
             The game lasted 00:05:02 (3405 turns).

Ireaine the Chopper (Naga Berserker)                Turns: 3405, Time: 00:05:03

Health: -1/50      AC:  6    Str: 20    XL:     5   Next: 62%
Magic:  5/5        EV:  8    Int:  8    God:    Trog [**....]
Gold:   135        SH:  0    Dex: 10    Spells: 4/4 levels left

rFire    + . .     SeeInvis +   a - +0 hand axe
rCold    + . .     Gourm    .   (no shield)
rNeg     . . .     Faith    .   e - +1 scale mail
rPois    +         Spirit   .   (no helmet)
rElec    +         Reflect  .   (no cloak)
rCorr    +         Harm     .   (no gloves)
MR       .....                  (no barding)
Stlth    ..........             d - amulet of the acrobat
HPRegen  0.16/turn              (no ring)
MPRegen  0.09/turn              (no ring)

@: resistant, berserk cooldown, slowed, very slow
A: large, see invisible, deformed body, poison resistance, slowness 2, slow
metabolism 1, spit poison 1, AC +1
a: Spit Poison, Berserk, Trog's Hand, Renounce Religion


You were on level 3 of the Dungeon.
You worshipped Trog.
Trog was pleased with you.
You were very hungry.

You visited 1 branch of the dungeon, and saw 3 of its levels.

You collected 135 gold pieces.

Inventory:

Hand Weapons
 a - a +0 hand axe (weapon)
Armour
 e - a +1 scale mail (worn)
Jewellery
 d - an amulet of the acrobat (around neck)
Scrolls
 f - a scroll of fog {unknown}
 j - a scroll of teleportation
Potions
 b - a potion of degeneration {unknown}
 g - a potion of flight {unknown}
 h - 2 potions of agility
Comestibles
 c - 5 rations


   Skills:
 + Level 3.8 Fighting
 * Level 4.5 Axes
 + Level 2.4 Armour
 + Level 2.4 Dodging


You had 4 spell levels left.
You didn't know any spells.
Your spell library was empty.

Dungeon Overview and Level Annotations

Branches:
Dungeon (3/15)

Altars:
Sif Muna

Annotations:
D:3 1 runed door, Sigmund


Innate Abilities, Weirdness & Mutations

You cannot wear boots.
Your serpentine skin is tough. (AC +1)
You have supernaturally acute eyesight. (SInv)
Armour fits poorly on your strangely shaped body.
Your system is resistant to poisons. (rPois)
You cover ground very slowly.
You have a slow metabolism.
You can spit poison.


Message History

You hit the orc. You barely miss the orc. The orc hits you with a dagger.
* * * LOW HITPOINT WARNING * * *
Sigmund closely misses you.
The orc hits you from afar with a trident.
* * * LOW HITPOINT WARNING * * *
The orc hits you but does no damage. x2; Sigmund barely misses you.
You slash Sigmund!
Sigmund is moderately wounded.
You hit the orc.
You kill the orc!
Trog accepts your kill.
You hit the orc.
Your skin stops crawling.
You feel less resistant to hostile enchantments.
The orc hits you but does no damage. The orc hits you with a dagger.
* * * LOW HITPOINT WARNING * * *
Sigmund hits you with a scythe.
* * * LOW HITPOINT WARNING * * *
The orc hits you from afar with a trident.
You die...

#.###############.#.#
#.#.............#.#.#
#.#.............#.#.# #.#.....
......#.#.# #.#...!# ###....#.#.#
#.#....o.#(.....#.#.# #######
#.#... ..#......#.#.#
##.....####.#o@####≈####..'.#.#
#...........#.@)...#......#...#
#......######..)...#......###'#
#......######..o.#####....#....
#.####......#.....).......#....
###.####......#.............#....
.......#...)..#.............#...#
.......#.[....###############...#
.....†.'...........'..#..# #..##
.......#...........##.##.## #..#≈


You could see Sigmund (invisible) and 2 orcs.

Vanquished Creatures
  2 orc priests (D:3)
  An orc wizard (D:3)
  3 adders
  A dart slug (D:2)
  A leopard gecko (D:1)
  9 orcs
  4 bats
  2 giant cockroaches
  5 goblins
  8 hobgoblins
  2 jackals (D:3)
  7 kobolds
  A quokka (D:3)
  A ball python (D:2)
  4 frilled lizards
  5 rats
56 creatures vanquished.

Notes
Turn   | Place    | Note
-------+----------+-------------------------------------------
     0 | D:1      | Ireaine the Naga Berserker began the quest for the Orb.
     0 | D:1      | Reached XP level 1. HP: 21/21 MP: 1/1
   525 | D:1      | Reached XP level 2. HP: 28/28 MP: 2/2
  1253 | D:1      | Reached XP level 3. HP: 30/34 MP: 3/3
  1925 | D:2      | Reached XP level 4. HP: 42/42 MP: 4/4
  2503 | D:3      | Reached skill level 4 in Axes
  2643 | D:3      | Reached XP level 5. HP: 23/50 MP: 5/5
  2818 | D:3      | Reached ** piety under Trog
  3218 | D:3      | Found a runed door.
  3359 | D:3      | Found a deep blue altar of Sif Muna.
  3390 | D:3      | Noticed Sigmund
  3405 | D:3      | HP: 1/50 [Sigmund/scythe (3)]
  3405 | D:3      | Slain by an orc

Vault maps used:
D:1:      nzn_arrival_depleted_hourglass, minmay_misc_feat_roman
D:2:      first_ration
D:3:      led_sif_pool, kennysheep_generic_room_16, uniq_crazy_yiuf_cottage,
          uniq_sigmund

Skill      XL: |  1  2  3  4 |
---------------+-------------+-----
Armour         | 2 |  2.4
Dodging        | 2 |  2.4
Axes           | 4 |  4.5
Fighting       | |  3.8

Action                   |  1- 3 |  4- 6 || total
-------------------------+-------+-------++-------
Melee: Hand axe          |   112 |    82 ||   194
Invok: Berserk           |     1 |     1 ||     2
       Trog's Hand       |       |     1 ||     1
  Use: Scroll            |     5 |       ||     5
       Potion            |       |     1 ||     1
  Eat: Ration            |     1 |     1 ||     2
Armor: Scale mail        |    39 |    41 ||    80
Dodge: Dodged            |    85 |    47 ||   132

Table legend:
 A = Spawn XP
 B = Non-spawn XP
 C = Spawn XP percentage of total XP
 D = Spawn monster count
 E = Non-spawn monster count
 F = Spawn count percentage of total count
 G = Total turns spent on level
                    A         B        C        D         E        F      G
               +---------+---------+-------+---------+---------+-------+---------
         Total |       0 |     261 |   0.0 |       0 |      56 |   0.0 |  3405
               +---------+---------+-------+---------+---------+-------+---------
           D:1 |       0 |      35 |   0.0 |       0 |      20 |   0.0 |  1303
           D:2 |       0 |      58 |   0.0 |       0 |      17 |   0.0 |  1011
           D:3 |       0 |     168 |   0.0 |       0 |      19 |   0.0 |  1091
               +---------+---------+-------+---------+---------+-------+---------
